 Dungeon Crawl Stone Soup version bcrawl-1.27.3 (webtiles) character file.

Game seed: 3131226067075617837

291738 G3Kappa the Basher (level 7, -2/57 HPs)
             Began as a Sand Dwarf Fighter on Aug 6, 2020.
             Slain by an orc warrior
             ... wielding a cursed -3 glaive
              (13 damage)
             ... on level 4 of the Dungeon.
             The game lasted 00:08:22 (2856 turns).

G3Kappa the Basher (Sand Dwarf Fighter)             Turns: 2856, Time: 00:08:24

Health: -2/57      AC: 11    Str: 20    XL:     7   Next: 87%
Magic:  7/7        EV:  5    Int: 11    God:
Gold:   232        SH:  9    Dex: 10    Spells: 6/6 levels left

rFire    . . .     SeeInvis +   j - +5 whip
rCold    . . .     Gourm    .   c - +0 medium shield
rNeg     . . .     Faith    .   b - +0 scale mail
rPois    .         Spirit   .   (no helmet)
rElec    .         Reflect  .   l - +1 cloak
rCorr    .         Harm     .   f - +1 pair of gloves
MR       .....                  (no boots)
Stlth    ..........             (no amulet)
HPRegen  0.19/turn              r - ring of see invisible
MPRegen  0.10/turn              u - ring of wizardry

@: slow
A: small, slowness 1, armour attunement
a: no special abilities


You were on level 4 of the Dungeon.
You were hungry.

You visited 1 branch of the dungeon, and saw 4 of its levels.

You collected 232 gold pieces.

Inventory:

Hand Weapons
 j - a +5 whip (weapon)
Armour
 b - a +0 scale mail (worn)
 c - a +0 medium shield (worn)
 f - a +1 pair of gloves (worn)
 l - a +1 cloak (worn)
Jewellery
 r - a ring of see invisible (left hand)
 u - a ring of wizardry (right hand)
 v - an uncursed ring of fire
Scrolls
 i - a scroll of identify
Potions
 d - a potion of might
 g - a potion of flight
Comestibles
 e - 8 rations {!d}


   Skills:
 - Level 3.6 Fighting
 - Level 12.0 Maces & Flails
 + Level 4.0 Armour
 - Level 3.0 Shields


You had 6 spell levels left.
You didn't know any spells.
Your spell library was empty.

Dungeon Overview and Level Annotations

Branches:
Dungeon (4/12)
 Temple: D:4-7

Altars:
Dithmenos
Nemelex Xobeh


Innate Abilities, Weirdness & Mutations

You are small and have problems with some larger weapons.
You cover ground slowly.
Armour does not affect your spellcasting.


Message History

Your shield prevents you from hitting the ice beast.
The ice beast is almost dead.
The ice beast hits you. The ice beast freezes you.
You whack the ice beast!
You kill the ice beast!
Training target 12.0 for Maces & Flails reached!
Your Maces & Flails skill increases to level 12!
You need to enable at least one skill for training.
Your Armour skill increases to level 4!
The orc warrior hits you from afar with a cursed -3 glaive!
* * * LOW HITPOINT WARNING * * *
The orc warrior barely misses you.
The crimson imp blinks!
The crimson imp hits you but does no damage.
The orc warrior suddenly roars.
You block the crimson imp's attack.
The crimson imp blinks!
The orc warrior hits you from afar with a cursed -3 glaive.
* * * LOW HITPOINT WARNING * * *
The orc warrior hits you from afar with a cursed -3 glaive!
You die...

######.#......(.............
#...............####.#######
######.###..(........# #.#
#......##.....#......#
##.#######
####.#####..###......#
#......... #.# #..# #......#
#.........
#.#####..####'#######.........
#.............................
#######.##.##@########.###.###
#.##.##†.o...........##.
#.##.######.####.....##.
#.##.######.# #.....##.
#...........# #####..'.
####.######.###########. #.#
#.5........##.
#.######........(.##.
.................+..


You could see an orc warrior.

Vanquished Creatures
  Sigmund (D:4)
  2 ice beasts (D:4)
  A bullfrog (D:3)
  A crimson imp (D:3)
  2 hounds
  Jessica (D:3)
  3 orc wizards (D:3)
  A worker ant (D:3)
  4 gnolls (D:3)
  4 adders
  An ooze (D:2)
  4 worms
  2 leopard geckos
  12 orcs
  3 giant cockroaches
  4 goblins
  7 hobgoblins
  2 quokkas (D:3)
  5 bats
  5 frilled lizards
  9 kobolds
  2 rats
76 creatures vanquished.

Notes
Turn   | Place    | Note
-------+----------+-------------------------------------------
     0 | D:1      | G3Kappa the Sand Dwarf Fighter began the quest for the Orb.
     0 | D:1      | Reached XP level 1. HP: 19/19 MP: 1/1
     3 | D:1      | Noticed an electric eel
     3 | D:1      | Noticed an electric eel
   272 | D:1      | Reached skill level 4 in Maces & Flails
   272 | D:1      | Reached XP level 2. HP: 14/26 MP: 2/2
   603 | D:2      | Found a shadowy altar of Dithmenos.
   638 | D:2      | Reached skill level 5 in Maces & Flails
   638 | D:2      | Reached XP level 3. HP: 23/31 MP: 3/3
  1225 | D:3      | Reached skill level 6 in Maces & Flails
  1225 | D:3      | Reached XP level 4. HP: 26/39 MP: 4/4
  1364 | D:3      | Reached skill level 7 in Maces & Flails
  1365 | D:3      | Noticed Jessica
  1380 | D:3      | Reached XP level 5. HP: 30/45 MP: 5/5
  1385 | D:3      | Killed Jessica
  1385 | D:3      | Reached skill level 8 in Maces & Flails
  1649 | D:3      | Noticed a bullfrog
  1670 | D:3      | Killed a bullfrog
  1670 | D:3      | Reached skill level 9 in Maces & Flails
  1670 | D:3      | Reached XP level 6. HP: 29/51 MP: 6/6
  2128 | D:3      | Reached skill level 10 in Maces & Flails
  2254 | D:3      | Found a sparkling altar of Nemelex Xobeh.
  2312 | D:4      | Noticed Sigmund
  2362 | D:4      | Killed Sigmund
  2362 | D:4      | Reached XP level 7. HP: 46/57 MP: 7/7
  2366 | D:4      | Reached skill level 11 in Maces & Flails
  2459 | D:4      | HP: 2/57 [orc warrior/cursed -3 glaive (22)]
  2840 | D:4      | Reached skill level 12 in Maces & Flails
  2856 | D:4      | Slain by an orc warrior

Skill      XL: |  1  2  3  4  5  6  7 |
---------------+----------------------+-----
Maces & Flails | 4 5 6 7 9 10 12 | 12.0
Armour         | 4 |  4.0
Fighting       | |  3.6
Shields        | |  3.0

Action                   |  1- 3 |  4- 6 |  7- 9 || total
-------------------------+-------+-------+-------++-------
Melee: Flail             |    39 |       |       ||    39
       Whip              |    76 |   219 |    65 ||   360
  Use: Potion            |       |     2 |     5 ||     7
       Scroll            |       |     7 |       ||     7
 Stab: Invisible         |       |       |     1 ||     1
  Eat: Chunk             |     3 |    11 |     2 ||    16
Armor: Scale mail        |    41 |    85 |    28 ||   154
Dodge: Dodged            |    19 |    25 |    15 ||    59
Block: Medium shield     |    60 |    86 |    33 ||   179
